 Dungeon Crawl Stone Soup version 0.23.2-1-ga50397a6bc (webtiles) character file.

Game seed: 3964976326022574634

81 Foic the Sneak (level 4, -2/23 HPs)
             Began as a Vine Stalker Assassin on May 26, 2019.
             Killed by divine providence
             ... invoked by an orc priest
              (10 damage)
             ... on level 2 of the Dungeon.
             The game lasted 00:06:12 (1666 turns).

Foic the Sneak (Vine Stalker Assassin)              Turns: 1666, Time: 00:06:13

Health: -2/23      AC:  4    Str: 13    XL:     4   Next: 40%
Magic:  0/5        EV: 12    Int: 11    God:
Gold:   65         SH:  0    Dex: 17    Spells: 3/3 levels left

rFire    . . .     SeeInvis .   i - +2 dagger (venom)
rCold    + . .     Gourm    .   (no shield)
rNeg     . . .     Faith    .   c - +0 robe
rPois    .         Spirit   +   a - +0 helmet
rElec    .         Reflect  .   d - +0 cloak
rCorr    .         Harm     .   (no gloves)
MR       +....                  (no boots)
Stlth    ++++......             (no amulet)
HPRegen  0.47/turn              o - ring of protection from cold
MPRegen  0.09/turn              j - ring of protection from magic

@: no status effects
A: fangs 2, regeneration 1, magic shield, antimagic bite, no potion heal 3, rot
immunity
a: no special abilities


You were on level 2 of the Dungeon.
You were not hungry.

You visited 1 branch of the dungeon, and saw 3 of its levels.

You collected 65 gold pieces.

Inventory:

Hand Weapons
 b - a +0 blowgun
 i - a +2 dagger of venom (weapon)
Missiles
 e - 8 poisoned needles
 f - 2 curare-tipped needles
 h - 105 stones (quivered)
 m - 3 javelins
Armour
 a - a +0 helmet (worn)
 c - a +0 robe (worn)
 d - a +0 cloak (worn)
Jewellery
 j - a ring of protection from magic (right hand)
 o - a ring of protection from cold (left hand)
Scrolls
 l - a scroll of identify
 n - a scroll of blinking {unknown}
 p - a scroll of remove curse
 q - a scroll of enchant armour {unknown}
Potions
 r - a potion of magic {unknown}
Comestibles
 g - 3 rations
 k - 2 chunks of flesh


   Skills:
 + Level 1.9 Fighting
 + Level 2.2 Short Blades
 + Level 1.8 Throwing
 * Level 1.2 Dodging
 * Level 6.6 Stealth


You had 3 spell levels left.
You didn't know any spells.
Your spell library was empty.

Dungeon Overview and Level Annotations

Branches:
Dungeon (3/15)

Altars:


Innate Abilities, Weirdness & Mutations

You have extremely sharp teeth.
Your natural rate of healing is unusually fast.
When hurt, damage is shared between your health and your magic reserves.
Your bite disrupts and absorbs the magic of your enemies.
Potions cannot restore your health.
You are immune to rotting.


Message History

There is a stone staircase leading up here.
You hit the orc priest.
The orc priest is poisoned.
You bite the orc priest, but do no damage.
The orc priest is moderately wounded.
The orc hits you. The orc barely misses you. The orc hits you with a +0 flail!
The orc priest hits you with a +0 club.
Unknown command.
The orc hits you but does no damage. The orc hits you.
The orc hits you with a +0 club.
The orc priest hits you but does no damage.
The orc hits you but does no damage.
You climb upwards.
There is a stone staircase leading down here.
You hit the orc priest.
The orc priest looks as sick as possible!
The orc priest is heavily wounded.
The orc closely misses you. The orc hits you but does no damage. x2
The orc priest invokes the aid of Beogh against you.
Beogh smites you!
You die...

.....##......................)...
.................#..#####.#######
....................## #.###
.....................## #...#
...................#..#####.####
.................#..#...###....##
......#..........#...............
......#........ooo......######.##
....#.#........o@##.....######.##
#######.........o####........#...
#####.#.#### #..[........) ###.#
#...##.....## ##.)# #...###....#
#..## #...# ###### #.## #...# #.#
#...# ### #####


You could see an orc priest and 4 orcs.

Vanquished Creatures
  2 adders (D:2)
  An ooze (D:1)
  A worm (D:2)
  2 dart slugs (D:1)
  3 leopard geckos
  9 goblins
  7 hobgoblins
  2 jackals (D:1)
  4 bats
  5 frilled lizards
  5 kobolds
  5 rats
46 creatures vanquished.

Notes
Turn   | Place    | Note
-------+----------+-------------------------------------------
     0 | D:1      | Foic the Vine Stalker Assassin began the quest for the Orb.
     0 | D:1      | Reached XP level 1. HP: 11/11 MP: 2/2
    52 | D:1      | Reached skill level 1 in Dodging
    52 | D:1      | Reached skill level 5 in Stealth
   167 | D:1      | Reached XP level 2. HP: 15/15 MP: 3/3
   619 | D:1      | Reached XP level 3. HP: 16/18 MP: 4/4
   898 | D:1      | Reached skill level 6 in Stealth
  1205 | D:2      | Gained mutation: Your natural rate of healing is unusually
                  | fast. [Vine Stalker growth]
  1205 | D:2      | Reached XP level 4. HP: 22/23 MP: 5/5
  1666 | D:2      | Killed from afar by an orc priest

Skill      XL: |  1  2  3 |
---------------+----------+-----
Dodging        | 1 |  1.2
Stealth        | 5 6 |  6.6
Short Blades   | 2 |  2.2
Fighting       | |  1.9
Throwing       | |  1.8

Action                   |  1- 3 |  4- 6 || total
-------------------------+-------+-------++-------
Melee: Dagger            |    70 |    19 ||    89
       Bite              |    14 |     3 ||    17
  Use: Scroll            |     4 |     1 ||     5
       Potion            |     2 |       ||     2
 Stab: Sleeping          |     8 |     6 ||    14
       Distracted        |     1 |       ||     1
  Eat: Chunk             |     1 |     1 ||     2
Armor: Robe              |    14 |     6 ||    20
Dodge: Dodged            |    22 |    10 ||    32
